 Dungeon Crawl Stone Soup version 0.20-b1 (webtiles) character file.

26 juanjsm the Sneak (level 2, 0/14 HPs)
             Began as a Spriggan Enchanter on May 19, 2017.
             Slain by a giant cockroach (2 damage)
             ... on level 1 of the Dungeon.
             The game lasted 00:05:10 (874 turns).

juanjsm the Sneak (Spriggan Enchanter)               Turns: 874, Time: 00:05:10

Health: 0/14       AC:  2    Str:  4    XL:     2   Next: 89%
Magic:  2/6        EV: 19    Int: 16    God:
Gold:   81         SH:  0    Dex: 16    Spells: 3/6 levels left

rFire    . . .     SeeInvis +   a - +1 dagger
rCold    . . .     Gourm    .   (shield restricted)
rNeg     . . .     Faith    .   b - +0 robe
rPois    .         Spirit   .   (helmet restricted)
rElec    .         Reflect  .   (no cloak)
rCorr    .         Harm     .   (gloves unavailable)
MR       .....                  (boots unavailable)
Stlth    +++.......             (no amulet)
Regen    0.1/turn               (no ring)
MPRegen  0.1/turn               (no ring)

@: very quick
A: unfitting armour, see invisible, herbivore 3, speed 3, slow metabolism 2
a: no special abilities


You were on level 1 of the Dungeon.
You were not hungry.

You visited 1 branch of the dungeon, and saw 1 of its levels.

You collected 81 gold pieces.

Inventory:

Hand Weapons
 a - a +1 dagger (weapon)
Armour
 b - a +0 robe (worn)
Books
 c - a book of Maledictions

   Spells                             Type                      Level
   a - Corona                         Hexes                        1
   b - Ensorcelled Hibernation        Hexes/Ice                    2
   c - Confuse                        Hexes                        3
   d - Tukima's Dance                 Hexes                        3
   e - Dazzling Spray                 Conjuration/Hexes            3
Comestibles
 d - a bread ration
 f - 2 royal jellies
 g - a fruit


   Skills:
 + Level 0.8 Fighting
 + Level 1.4 Short Blades
 + Level 3.4 Dodging
 + Level 4.9 Stealth
 + Level 2.8 Spellcasting
 + Level 3.8 Hexes


You had 3 spell levels left.
You knew the following spells:

 Your Spells              Type           Power        Failure   Level  Hunger
a - Corona                Hex            ##.....      4%          1    #......
b - Ensorcelled Hibernat  Hex/Ice        #.....       13%         2    ##.....


Dungeon Overview and Level Annotations

Branches:
Dungeon (1/15)

Altars:


Innate Abilities, Weirdness & Mutations

You are very small and have problems with some larger weapons.
You are too small for most types of armour.
You have supernaturally acute eyesight. (SInv)
You are a herbivore.
You cover ground extremely quickly.
You need consume almost no food.


Message History

You closely miss the jackal.
The jackal is severely wounded.
The jackal bites you.
* * * LOW HITPOINT WARNING * * *
The jackal misses you.
The giant cockroach completely misses you.
You closely miss the jackal.
The jackal is severely wounded.
The jackal closely misses you. x2; The giant cockroach closely misses you.
You barely miss the jackal.
The jackal is severely wounded.
The jackal misses you. The jackal bites you.
* * * LOW HITPOINT WARNING * * *
The giant cockroach completely misses you.
The jackal barely misses you. The jackal bites you.
* * * LOW HITPOINT WARNING * * *
You hit the jackal but do no damage.
The jackal is severely wounded.
The giant cockroach bites you.
You die...

################ # ######
#...##.........# # #####....#
#...##.........# # ###........#
#...##.........# # ...........#
#...##.......(.# # ###.#.h..hh#
#...##.........# # # #........#
#...##........(# # ###......#
#...##........(# #
###......###.h@#..####h...# # #
#......h..##>sh#†## #(....# # #
#.........##..†..####.....# ##
###.......h.###.#..#....##.(####.
...........(.........##.......%..
..#...................%h##.h#####
.......#........[..%..†#.......#.
..###..................#h......#.
..# #..........†..........h....#.


You could see 2 jackals and a giant cockroach.

Vanquished Creatures
  3 goblins (D:1)
  3 hobgoblins (D:1)
  9 jackals (D:1)
  A ball python (D:1)
  2 bats (D:1)
  A frilled lizard (D:1)
  2 kobolds (D:1)
  3 rats (D:1)
24 creatures vanquished.

Notes
Turn   | Place    | Note
-------+----------+-------------------------------------------
     0 | D:1      | juanjsm the Spriggan Enchanter began the quest for the Orb.
     0 | D:1      | Reached XP level 1. HP: 9/9 MP: 5/5
   481 | D:1      | Reached XP level 2. HP: 11/14 MP: 4/6
   508 | D:1      | Learned a level 2 spell: Ensorcelled Hibernation
   874 | D:1      | Slain by a giant cockroach

Action                   || total
-------------------------++-------
Melee: Dagger            ||   106
 Cast: Corona            ||    17
       Ensorcelled Hiber ||    12
 Stab: Sleeping          ||    10
Armor: Robe              ||    21
Dodge: Dodged            ||   113
